Map: Dasan Station LE

Players

PiLloWLavA

  • Race: Protoss Protoss
  • League: Platinum

Nerg - Winner!

  • Race: Zerg Zerg
  • League: Platinum

VOD

Have the link to the VOD?

Description

Time

  • Played on: Aug. 4, 2016, 4:17 p.m.
  • Length: 17:33
Show
View Real Time Build Order
Export as new Build Order

PiLloWLavA Protoss 

Build Orders:  

Get SALT Encoding   

  12  0:01  Probe (Chrono Boost)  
  13  0:11  Probe (Chrono Boost)  
  14  0:20  Pylon  
  14  0:22  Probe (Chrono Boost)  
  15  0:38  Probe (Chrono Boost), Forge  
  16  0:48  Probe (Chrono Boost)  
  17  0:53  Gateway  
  17  0:59  Probe (Chrono Boost)  
  18  1:09  Probe (Chrono Boost), Assimilator  
  19  1:20  Probe (Chrono Boost)  
  19  1:23  Assimilator  
  20  1:30  Probe (Chrono Boost)  
  21  1:32  Pylon  
  21  1:35  Gateway  
  21  1:44  Cybernetics Core  
  21  1:46  Probe (Chrono Boost)  
  21  1:57  Photon Cannon  
  20  2:03  Pylon  
  20  2:07  Zealot  
  22  2:39  Photon Cannon  
  22  2:57  Photon Cannon  
  22  3:04  Photon Cannon  
  22  3:15  Probe (Chrono Boost)  
  22  3:39  Mothership Core (Chrono Boost)  
  22  3:41  Zealot  
  26  3:53  Warp Gate  
  26  3:57  Probe (Chrono Boost)  
  27  4:04  Pylon  
  27  4:07  Probe (Chrono Boost)  
  27  4:09  Pylon  
  28  4:18  Probe (Chrono Boost)  
  29  4:30  Probe (Chrono Boost)  
  30  4:31  Stalker x2  
  30  4:36  Pylon  
  34  4:48  Probe (Chrono Boost)  
  35  4:59  Probe (Chrono Boost)  
  36  5:09  Zealot x2  
  36  5:13  Photon Cannon  
  40  5:16  Photon Cannon  
  40  5:24  Probe (Chrono Boost)  
  41  5:36  Zealot x2  
  45  5:44  Robotics Facility  
  45  5:52  Nexus  
  45  5:56  Probe (Chrono Boost)  
  46  6:05  Stargate  
  46  6:13  Probe (Chrono Boost)  
  46  6:15  Zealot  
  46  6:18  Zealot  
  51  6:33  Photon Cannon  
  51  6:35  Photon Cannon  
  51  6:44  Pylon  
  51  6:45  Probe (Chrono Boost)  
  52  6:57  Void Ray  
  52  6:59  Observer  
  57  7:09  Probe (Chrono Boost)  
  58  7:20  Probe (Chrono Boost)  
  60  7:26  Immortal  
  63  7:31  Probe x2 (Chrono Boost)  
  65  7:42  Zealot  
  65  7:43  Zealot  
  69  7:44  Void Ray  
  69  7:45  Probe (Chrono Boost)  
  74  7:53  Probe (Chrono Boost)  
  75  8:03  Pylon  
  75  8:05  Pylon  
  75  8:14  Pylon  
  75  8:17  Pylon  
  75  8:22  Probe (Chrono Boost), Stalker  
  75  8:24  Immortal  
  82  8:32  Probe (Chrono Boost)  
  82  8:33  Probe (Chrono Boost)  
  84  8:38  Assimilator  
  84  8:43  Assimilator  
  84  8:58  Void Ray  
  88  9:10  Nexus  
  88  9:12  Pylon, Immortal  
  92  9:20  Probe x2 (Chrono Boost)  
  94  9:37  Stalker x2  
  94  9:43  Photon Cannon  
  94  9:45  Photon Cannon  
  94  9:48  Pylon  
  94  9:51  Photon Cannon  
  94  9:55  Photon Cannon  
  93  10:01  Photon Cannon  
  93  10:04  Photon Cannon  
  93  10:14  Fleet Beacon  
  93  10:15  Phoenix  
  95  10:34  Assimilator, Photon Cannon  
  95  10:35  Assimilator  
  95  10:39  Photon Cannon  
  95  10:42  Phoenix  
  97  11:00  Probe (Chrono Boost)  
  98  11:04  Phoenix  
  98  11:09  Anion Pulse-Crystals  
  98  11:10  Probe (Chrono Boost)  
  101  11:24  Photon Cannon, Protoss Shields Level 1  
  101  11:25  Protoss Air Weapons Level 1  
  101  11:26  Phoenix  
  103  11:36  Stargate  
  103  11:48  Phoenix, Stalker x2  
  103  11:49  Probe (Chrono Boost)  
  110  12:09  Phoenix  
  110  12:14  Gateway  
  112  12:17  Gateway  
  112  12:21  Gateway  
  112  12:24  Gateway  
  116  12:37  Void Ray  
  116  12:43  Void Ray  
  120  12:54  Stalker x2  
  120  12:55  Probe (Chrono Boost)  
  125  13:05  Forge  
  125  13:07  Twilight Council  
  120  13:18  Protoss Ground Weapons Level 1  
  120  13:19  Protoss Air Armor Level 1  
  90  13:23  Stalker  
  90  13:24  Stalker x2  
  64  13:52  Stalker x4  
  71  14:15  Sentry  
  71  14:16  Sentry x3  
  69  14:47  Stalker  
  69  14:48  Stalker  
  59  15:11  Stalker x3  
  59  15:12  Stalker  
  39  16:14  Nexus  
  27  16:20  Sentry x3  
Show
View Real Time Build Order
Export as new Build Order

Nerg Zerg - Winner!

Build Orders: Pool First 

Get SALT Encoding   

  12  0:01  Drone  
  13  0:21  Spawning Pool  
  13  0:24  Drone  
  13  0:33  Overlord  
  13  0:48  Drone  
  14  1:04  Extractor  
  14  1:08  Zergling x6  
  14  1:11  Queen  
  18  1:30  Drone  
  18  1:31  Drone  
  20  1:45  Drone, Hatchery  
  20  2:01  Zergling x2  
  21  2:14  Drone  
  22  2:19  Drone  
  20  2:54  Metabolic Boost  
  20  3:06  Queen  
  20  3:11  Drone  
  20  3:12  Drone x4  
  27  3:18  Spine Crawler  
  25  3:50  Queen  
  25  3:52  Drone  
  28  3:58  Extractor  
  27  4:14  Queen  
  27  4:23  Zergling x4  
  27  4:24  Zergling x2  
  28  4:29  Lair  
  28  4:36  Roach Warren  
  27  4:46  Zergling x2  
  27  4:47  Overlord x3  
  28  4:57  Drone, Hatchery  
  26  5:00  Overlord  
  26  5:29  Roach x2  
  26  5:30  Roach x2  
  34  5:40  Queen  
  36  5:48  Drone x3  
  36  5:49  Spire  
  38  6:13  Queen  
  38  6:16  Drone x5  
  45  6:25  Overlord  
  45  6:28  Overlord  
  44  6:40  Drone  
  44  6:41  Drone  
  44  6:45  Extractor  
  45  6:48  Extractor  
  46  6:54  Drone x4  
  46  6:55  Drone x2  
  48  7:23  Mutalisk x3  
  48  7:27  Hatchery  
  53  7:48  Mutalisk  
  53  7:49  Mutalisk x6  
  67  7:55  Extractor  
  67  7:58  Extractor, Drone x3  
  66  7:59  Drone  
  69  8:28  Drone x5  
  69  8:32  Overlord x6  
  74  8:44  Mutalisk x3  
  80  8:49  Zerg Flyer Weapons Level 1  
  80  9:01  Mutalisk  
  84  9:07  Mutalisk  
  84  9:15  Overseer  
  83  9:51  Mutalisk x2  
  83  9:52  Mutalisk x3  
  91  10:14  Corruptor x2  
  95  10:31  Extractor  
  95  10:32  Extractor  
  95  10:34  Corruptor  
  95  10:35  Corruptor x2  
  99  10:45  Zergling x2  
  99  10:46  Zergling x20  
  110  10:54  Hatchery  
  109  11:00  Overlord x3  
  109  11:01  Overlord x2  
  109  11:02  Overlord  
  109  11:14  Zerg Flyer Armor Level 1  
  109  11:15  Corruptor x3  
  115  11:46  Corruptor x5  
  119  11:51  Hatchery  
  124  11:57  Corruptor  
  126  12:10  Corruptor x3  
  126  12:14  Overlord  
  128  12:43  Corruptor  
  128  12:44  Corruptor x3  
  136  13:00  Corruptor  
  136  13:01  Corruptor  
  136  13:18  Zergling x2  
  136  13:19  Zergling x14  
  110  13:42  Mutalisk x4  
  110  13:43  Mutalisk  
  106  14:09  Mutalisk x5  
  108  14:26  Zergling x12  
  108  14:27  Zergling x2  
  114  14:36  Zergling x6  
  95  15:05  Mutalisk x4  
  95  15:06  Mutalisk  
  84  15:33  Mutalisk x5  
  82  15:55  Zergling x2  
  82  15:56  Zergling x8  
  80  16:18  Drone x3  
  83  16:47  Roach x4  
  83  16:48  Roach  
Tags
 
Add a new tag
Caveats
  • Supply blocks, unpowered buildings, or Contaminate may cause inaccurate times.
  • Supply counts are checked every 10 seconds.